 Dungeon Crawl Stone Soup version 0.23.2-33-g5129a83184 (webtiles) character file.

Game seed: 2406193331635279539

23 Folque the Charmwright (level 2, -1/24 HPs)
             Began as a Centaur Skald on July 9, 2019.
             Slain by an ogre
             ... wielding a +0 giant club
              (16 damage)
             ... on level 2 of the Dungeon.
             The game lasted 00:01:24 (497 turns).

Folque the Charmwright (Centaur Skald)               Turns: 497, Time: 00:01:25

Health: -1/24      AC:  4    Str: 13    XL:     2   Next: 75%
Magic:  3/4        EV:  9    Int: 12    God:
Gold:   0          SH:  0    Dex:  8    Spells: 1/4 levels left

rFire    . . .     SeeInvis .   a - +0 hand axe
rCold    . . .     Gourm    .   (no shield)
rNeg     . . .     Faith    .   b - +0 leather armour
rPois    .         Spirit   .   (no helmet)
rElec    .         Reflect  .   (no cloak)
rCorr    .         Harm     .   (no gloves)
MR       .....                  (no barding)
Stlth    ..........             (no amulet)
HPRegen  0.08/turn              (no ring)
MPRegen  0.09/turn              (no ring)

@: infused, very quick
A: large, hooves 3, deformed body, speed 2, tough skin 3
a: no special abilities


You were on level 2 of the Dungeon.
You were not hungry.

You visited 1 branch of the dungeon, and saw 2 of its levels.

Inventory:

Hand Weapons
 a - a +0 hand axe (weapon)
Armour
 b - a +0 leather armour (worn)
Potions
 e - a potion of heal wounds {unknown}
 f - a potion of lignification {unknown}
Comestibles
 c - 5 chunks of flesh
 d - a ration


   Skills:
 - Level 2.0 Fighting
 + Level 2.3 Axes
 - Level 0.6 Armour
 - Level 1.3 Dodging
 * Level 1.8 Spellcasting
 + Level 3.1 Charms


You had one spell level left.
You knew the following spells:

 Your Spells              Type           Power        Failure   Level  Hunger
a - Infusion              Chrm           #...         10%         1    ##.....
b - Shroud of Golubria    Chrm/Tloc      #.........   28%         2    ###....

Your spell library contained the following spells:

 Spells                   Type           Power        Failure   Level  Hunger
 Song of Slaying          Chrm           #.......     14%         2    ###....
 Regeneration             Chrm/Necr      #.........   50%         3    ####...
 Spectral Weapon          Hex/Chrm       #.......     50%         3    ####...


Dungeon Overview and Level Annotations

Branches:
Dungeon (2/15)

Altars:


Innate Abilities, Weirdness & Mutations

You have hooves in place of feet.
Armour fits poorly on your strangely shaped body.
You cover ground very quickly.
You have extremely tough skin. (AC +3)


Message History

There is a stone staircase leading down here.
You climb downwards.
A frilled lizard and a bat come into view.
The frilled lizard hisses angrily.
The bat hits you but does no damage. The bat barely misses you.
A ball python comes into view.
Found a scroll labeled QYRUTZ HIDGH and 12 gold pieces.
There is a stone staircase leading up here.
The ball python hisses angrily.
You hit the bat but do no damage. The bat hits you. The bat closely misses you.
The bat hits you but does no damage.
Cast which spell? (? or * to list)
You begin infusing your attacks with magical energy.
The bat hits you but does no damage.
The hobgoblin hits you with a cursed +0 club.
You barely miss the ogre. You closely miss the hobgoblin.
The hobgoblin closely misses you. The bat hits you but does no damage.
The ogre hits you with a +0 giant club!
Ouch! That really hurt!
You die...

# ######## ##.#
##......##...#
##........<.#
#......$.........)
#.....O....#####..
#...b@g[...#
#...<......#
#..........#
##...lS...##
#....(.....#
#...?......#
#..........#
#$..........
#..........#


You could see an ogre, a hobgoblin, a bat, a ball python and a frilled lizard.

Vanquished Creatures
  2 dart slugs (D:1)
  A goblin (D:1)
  2 hobgoblins (D:1)
  3 jackals (D:1)
  5 kobolds (D:1)
  A bat (D:1)
  A frilled lizard (D:1)
  4 rats (D:1)
19 creatures vanquished.

Notes
Turn   | Place    | Note
-------+----------+-------------------------------------------
     0 | D:1      | Folque the Centaur Skald began the quest for the Orb.
     0 | D:1      | Reached XP level 1. HP: 17/17 MP: 3/3
    81 | D:1      | Reached XP level 2. HP: 21/24 MP: 4/4
   162 | D:1      | Reached skill level 3 in Charms
   225 | D:1      | Learned a level 2 spell: Shroud of Golubria
   420 | D:2      | Noticed an ogre
   497 | D:2      | Slain by an ogre

Skill      XL: |  1  2 |
---------------+-------+-----
Axes           | 2 |  2.3
Charms         | 3 |  3.1
Fighting       | |  2.0
Armour         | |  0.6
Dodging        | |  1.3
Spellcasting   | |  1.8

Action                   || total
-------------------------++-------
Melee: Hand axe          ||    47
       Kick              ||     7
 Cast: Infusion          ||     1
Armor: Leather armour    ||    25
Dodge: Dodged            ||    35
